 Dungeon Crawl Stone Soup version 0.30-a0-223-gcb0039aa0c (webtiles) character file.

Game seed: 14187319819222443832

259 qw the Chopper (level 6, 0/39 HPs)
             Began as a Gargoyle Fighter on Oct 9, 2022.
             Slain by Grinder (5 damage)
             ... on level 3 of the Dungeon.
             The game lasted 00:00:59 (2125 turns).

qw the Chopper (Gargoyle Fighter)                   Turns: 2125, Time: 00:00:59

Health: 0/39       AC: 12    Str: 21    XL:     6   Next: 17%
Magic:  6/6        EV:  9    Int:  9    God:
Gold:   198        SH:  4    Dex:  9    Spells: 5/5 levels left

rFire   . . .      SeeInvis .    Y - +0 war axe
rCold   . . .      Faith    .    c - +0 buckler
rNeg    + . .      Spirit   .    b - +0 scale mail
rPois   inf        Reflect  .    (no helmet)
rElec   +          Harm     .    a - +0 cloak
rCorr   .          Rampage  .    (no gloves)
Will    .....                    (no boots)
Stlth   ..........               (no amulet)
HPRegen 0.26/turn                (no ring)
MPRegen 0.10/turn                (no ring)

@: no status effects
A: sickness immunity, AC +4, negative energy resistance 1, electricity
resistance, torment resistance 1, petrification resistance
a: no special abilities


You were on level 3 of the Dungeon.
You visited 1 branch of the dungeon, and saw 4 of its levels.

You collected 198 gold pieces.


Innate Abilities, Weirdness & Mutations

You are immune to sickness and miasma.
Your stone body is resilient. (AC +4)
You are immune to poison.
You resist negative energy. (rN+)
You are resistant to electric shocks. (rElec)
You are resistant to unholy torment.
You are immune to petrification.


   Skills:
 - Level 4.3 Fighting
 - Level 5.0 Axes
 - Level 3.2 Armour
 + Level 0.9 Dodging
 - Level 3.2 Shields


You had 5 spell levels left.
You didn't know any spells.
Your spell library was empty.

Inventory:

Hand Weapons
 h - a +0 whip of draining
 Y - a +0 war axe (weapon)
Armour
 a - a +0 cloak (worn)
 b - a +0 scale mail (worn)
 c - a +0 buckler (worn)
 m - a +0 pair of gloves
 o - a +0 plate armour
Jewellery
 f - the ring of No Interval {Ice rN+++ Str-4 Int-5 Dex+2}
   (You found it on level 3 of the Dungeon)

   [ring of ice]

   It enhances your ice magic.
   Str:       It affects your strength (-4).
   Int:       It affects your intelligence (-5).
   Dex:       It affects your dexterity (+2).
   rF:        It makes you vulnerable to fire.
   rC:        It protects you from cold.
   rN:        It renders you almost immune to negative energy.
Scrolls
 l - a scroll of identify
 n - a scroll of amnesia {unknown}
Potions
 d - 2 potions of might
 e - a potion of flight {unknown}
 g - a potion of heal wounds {unknown}
 i - a potion of haste
 j - a potion of curing
 k - a potion of lignification

Dungeon Overview and Level Annotations

Branches:
Dungeon (4/15)
 Temple: D:4-7

Altars:

Annotations:
D:3 Grinder


Message History

The ball python hisses angrily.
Grinder says, "DUCK!"
Grinder hits you but does no damage.
You slash Grinder!
Grinder is moderately wounded.
Grinder closely misses you.
You hit Grinder but do no damage.
Grinder is moderately wounded.
You completely miss the ball python. The ball python bites you.
The ball python grabs you. The ball python constricts you.
Grinder hits you but does no damage. The ball python barely misses you.
The ball python constricts you. Grinder hits you but does no damage.
You barely miss the ball python. You barely miss Grinder.
The ball python bites you. The ball python constricts you.
Grinder drinks a potion.
Grinder seems to grow stronger.
You slice the ball python!!
You kill the ball python!
You slash Grinder! Grinder says, "Are you a fish?" Grinder hits you.
You writhe in agony.
You closely miss Grinder.
Grinder is heavily wounded.
You block Grinder's attack.
You hit Grinder.
Grinder is heavily wounded.
Grinder hits you. x2; You writhe in agony.
You barely miss Grinder.
Grinder is heavily wounded.
Grinder hits you!
You writhe in agony.
You closely miss Grinder.
Grinder is heavily wounded.
Grinder hits you.
You writhe in agony.
You slash Grinder!
Grinder is severely wounded.
Grinder completely misses you.
You closely miss Grinder.
Grinder is severely wounded.
Grinder hits you but does no damage. Grinder hits you.
You die...

#.............#.#.....#.#.
#.#.............#....##.#...
#.........#########.###.#..#
#####.$..#########.###.#..#
#........#.....#...#...
#.........#.####.###...
#............. #.# #...
#...........## #.###...
#?....@....... #.#.....
#.....5.[..... #.#.#..>
#............. #.#.####
#.........##.# #.# ...
#........... . #.# ##
#.......>..#. #.#
#..........# # #.#
.#######.#.# #.#### #)).'###


You could see Grinder (strong).

Vanquished Creatures
  An ogre (D:4)
  An orc priest (D:3)
  Terence (D:3)
  An iguana (D:4)
  3 adders
  A dart slug (D:1)
  5 orcs (D:3)
  4 bats
  10 endoplasms
  3 giant cockroaches
  7 goblins
  6 hobgoblins
  3 jackals (D:1)
  2 quokkas (D:1)
  5 ball pythons
  A frilled lizard (D:1)
  5 kobolds
  6 rats
65 creatures vanquished.

Notes
Turn   | Place    | Note
-------+----------+-------------------------------------------
     0 | D:1      | qw the Gargoyle Fighter began the quest for the Orb.
     0 | D:1      | Reached XP level 1. HP: 14/14 MP: 1/1
     0 | D:1      | 0 ||| qw: Version: 0.2-a-17-g06abaee
     0 | D:1      | 0 ||| qw: Game counter: 2097
     0 | D:1      | 0 ||| qw: Always use a shield: true
     0 | D:1      | 0 ||| qw: God list: Okawaru
     0 | D:1      | 0 ||| qw: Allow faded altars: false
     0 | D:1      | 0 ||| qw: Do Orc after D:15 true
     0 | D:1      | 0 ||| qw: Do second Lair branch before Depths: true
     0 | D:1      | 0 ||| qw: Lair rune preference: random
     0 | D:1      | 0 ||| qw: Plans: Normal, Zot:1-4, God:TSO, Crypt, Tomb,
                  | Pan, Slime:5, Hells, Abyss, Orb
     0 | D:1      | 0 ||| PLANNING D:1-11
    17 | D:1      | Reached skill level 2 in Axes
   133 | D:1      | Reached XP level 2. HP: 13/19 MP: 2/2
   191 | D:1      | 191 ||| Stepping ~*~*~tactically~*~*~ (stealth).
   369 | D:1      | Reached skill level 3 in Axes
   380 | D:1      | Reached XP level 3. HP: 23/23 MP: 3/3
   397 | D:1      | 397 ||| Stepping ~*~*~tactically~*~*~ (hiding).
   798 | D:1      | 798 ||| READING 2 scrolls labelled GEFIZOE HOHUNN.
   799 | D:1      | 799 ||| READING scroll labelled KOFRECHIRUOWK.
   800 | D:1      | 800 ||| READING 3 scrolls labelled VEMPYI IKIL.
   801 | D:1      | 801 ||| DRINKING 2 bubbling golden potions.
   802 | D:1      | 802 ||| DRINKING 2 purple potions.
   803 | D:1      | 803 ||| DRINKING 2 viscous emerald potions.
   843 | D:1      | 843 ||| READING 2 scrolls of identify.
   843 | D:1      | 843 ||| IDENTIFYING blue potion
   844 | D:1      | 844 ||| DROPPING scroll of immolation.
   845 | D:1      | 845 ||| DROPPING potion of magic.
   866 | D:2      | 866 ||| Stepping ~*~*~tactically~*~*~ (stealth).
   869 | D:2      | 869 ||| Stepping ~*~*~tactically~*~*~ (stealth).
   873 | D:2      | 873 ||| Stepping ~*~*~tactically~*~*~ (stealth).
  1113 | D:2      | Reached XP level 4. HP: 28/28 MP: 4/4
  1128 | D:2      | You fall into a shaft and drop 2 floors!
  1139 | D:4      | Noticed an ogre
  1149 | D:4      | Killed an ogre
  1150 | D:4      | Reached skill level 4 in Axes
  1150 | D:4      | Reached XP level 5. HP: 20/32 MP: 5/5
  1154 | D:4      | Reached skill level 5 in Axes
  1215 | D:4      | 1215 ||| UPGRADING to +0 cloak.
  1242 | D:3      | Noticed Terence
  1251 | D:3      | Killed Terence
  1558 | D:2      | 1558 ||| READING scroll labelled MORAUFF YZOAC.
  1559 | D:2      | 1559 ||| READING scroll labelled HIWNIR PORAH.
  1626 | D:3      | HP: 2/33 [orc priest/divine providence (9)]
  1628 | D:3      | Reached XP level 6. HP: 3/39 MP: 6/6
  1632 | D:3      | HP: 4/39 [bat (1)]
  1654 | D:3      | 1654 ||| Stepping ~*~*~tactically~*~*~ (stealth).
  1771 | D:3      | 1771 ||| DROPPING +0 club.
  1773 | D:3      | Found a faded altar of an unknown god.
  1786 | D:3      | Identified the ring of No Interval {Ice rN+++ Str-4 Int-5
                  | Dex+2}
  2106 | D:3      | Noticed Grinder
  2123 | D:3      | HP: 5/39 [Grinder (6)]
  2125 | D:3      | Slain by Grinder

Levels and vault maps discovered:
D:1:      minmay_arrival_split_and_join, layout_loops_ring
D:2:      layout_basic, minmay_hedge_maze, minmay_stone_trees_small
D:3:      layout_basic, hellmonk_ecumenical_altar_slurped_away,
          minmay_checkerbox, uniq_terence, uniq_grinder
D:4:      layout_cave_pools

Skill      XL: |  1  2  3  4  5 |
---------------+----------------+-----
Axes           | 2 3 4 5 |  5.0
Fighting       | 4 |  4.3
Armour         | |  3.2
Dodging        | |  0.9
Shields        | |  3.2

Action                   |  1- 3 |  4- 6 || total
-------------------------+-------+-------++-------
Melee: War axe           |    98 |    82 ||   180
  Use: Scroll            |     4 |     2 ||     6
       Potion            |     3 |       ||     3
Armor: Scale mail        |    47 |    51 ||    98
Dodge: Dodged            |    43 |    37 ||    80
Block: Buckler           |    18 |    22 ||    40

Table legend:
 A = Non-vault XP
 B = Vault XP
 C = Vault XP percentage of total XP
 D = Non-vault monster count
 E = Vault monster count
 F = Vault count percentage of total count
                 A         B        C        D         E       F
            +---------+---------+-------+---------+---------+-------
      Total |     330 |      40 |  10.8 |      62 |       3 |   4.6
            +---------+---------+-------+---------+---------+-------
        D:1 |      45 |       0 |   0.0 |      25 |       0 |   0.0
        D:2 |      49 |       0 |   0.0 |      17 |       0 |   0.0
        D:3 |      85 |      40 |  32.0 |      16 |       3 |  15.8
        D:4 |     151 |       0 |   0.0 |       4 |       0 |   0.0
            +---------+---------+-------+---------+---------+-------
